 Dungeon Crawl Stone Soup version 0.29-a0-330-g52719c12eb (webtiles) character file.

Game seed: 9737151510709378560

2618 dohliylev the Grappler (level 9, -1/80 HPs)
             Began as a Troll Warper on May 27, 2022.
             Was a Believer of Okawaru.
             Asphyxiated
             ... on level 7 of the Dungeon.
             The game lasted 00:12:15 (5030 turns).

dohliylev the Grappler (Troll Warper)               Turns: 5030, Time: 00:12:16

Health: -1/80      AC:  7    Str: 25    XL:     9   Next: 34%
Magic:  10/10      EV: 11    Int:  9    God:    Okawaru [**....]
Gold:   384        SH:  0    Dex:  9    Spells: 10/10 levels left

rFire   + . .      SeeInvis .     - Unarmed
rCold   . . .      Faith    .   (no shield)
rNeg    . . .      Spirit   .   a - +0 robe
rPois   .          Reflect  .   d - +2 hat
rElec   .          Harm     .   y - +0 cloak
rCorr   .          Rampage  .   (gloves unavailable)
Will    +....                   (boots unavailable)
Stlth   +.........              (no amulet)
HPRegen 1.03/turn               f - ring of protection from fire
MPRegen 0.12/turn               n - ring of willpower

@: lethally poisoned (-1 -> -29), slowed, very slow
A: large, unfitting armour, claws 3, regeneration 1, shaggy fur 1, tough skin 1
a: Renounce Religion, Heroism


You were on level 7 of the Dungeon.
You worshipped Okawaru.
Okawaru was pleased with you.
You visited 2 branches of the dungeon, and saw 8 of its levels.

You collected 384 gold pieces.

Inventory:

Missiles
 c - 7 boomerangs of dispersal (quivered)
 x - 9 boomerangs
Armour
 a - a +0 robe (worn)
 d - a +2 hat (worn)
 m - a scarf of shadows
 y - a +0 cloak (worn)
Jewellery
 f - a ring of protection from fire (left claw)
 n - a ring of willpower (right claw)
 u - a ring of ice
Wands
 t - a wand of flame (22)
Scrolls
 b - 3 scrolls of blinking
 e - a scroll of fog {unknown}
 g - a scroll of fear {unknown}
 i - 16 scrolls of identify {unknown}
 k - a scroll of immolation {unknown}
 l - 4 scrolls of teleportation {unknown}
 q - a scroll of acquirement {unknown}
 r - a scroll of amnesia {unknown}
 w - a scroll of silence {unknown}
 A - a scroll of enchant weapon {unknown}
Potions
 h - 6 potions of curing {unknown}
 j - 2 potions of mutation {unknown}
 o - 2 potions of flight {unknown}
 p - 2 potions of attraction {unknown}
 s - a potion of heal wounds {unknown}
 v - 3 potions of might
 z - a potion of haste {unknown}
 B - 3 potions of lignification {unknown}


   Skills:
 + Level 2.9 Fighting
 + Level 0.9 Throwing
 * Level 6.8 Dodging
 + Level 9.5 Unarmed Combat
 + Level 1.3 Spellcasting
 + Level 2.8 Translocations


You had 10 spell levels left.
You didn't know any spells.
Your spell library contained the following spells:

 Spells                   Type           Power      Damage    Failure   Level
 Blink                    Tloc           10%        N/A       17%         2
 Gell's Gravitas          Tloc           5%         N/A       32%         3
 Lesser Beckoning         Tloc           5%         N/A       32%         3
 Teleport Other           Tloc           5%         N/A       32%         3
 Sandblast                Erth           0%         2d4       34%         1
 Slow                     Hex            0%         N/A       34%         1
 Ensorcelled Hibernation  Hex/Ice        0%         N/A       47%         2
 Passwall                 Tmut/Erth      0%         N/A       47%         2
 Confusing Touch          Hex            0%         N/A       71%         3
 Stone Arrow              Conj/Erth      0%         3d7       71%         3
 Swiftness                Air            0%         N/A       71%         3
 Vampiric Draining        Necr           0%         2d6       71%         3
 Manifold Assault         Tloc           5%         N/A       97%         5


Dungeon Overview and Level Annotations

Branches:
Dungeon (7/15)             Temple (1/1) D:4

Altars:
Ashenzari
Cheibriados
Dithmenos
Elyvilon
Gozag
Hepliaklqana
Makhleb
Nemelex Xobeh
Okawaru
Qazlal
Ru
Sif Muna
Trog
Uskayaw
Vehumet
Wu Jian
Xom
Yredelemnul
Zin
The Shining One


Innate Abilities, Weirdness & Mutations

You are too large for most types of armour.
You have claws for hands.
Your natural rate of healing is unusually fast.
You are covered in fur. (AC +1)
You have tough skin. (AC +1)


Message History

The kobold brigand hits you but does no damage.
Found a stone staircase leading down.
The kobold brigand attacks as you move away!
The kobold brigand closely misses you.
A kobold comes into view. It is wielding a +0 dagger.
The kobold shouts!
You hear a shout! x2
Found a book of the Wilderness.
A kobold comes into view. It is wielding a +0 club.
The kobold throws a stone.
The stone hits you but does no damage.
The kobold shouts!
You hear a shout!
The kobold brigand throws a curare-tipped dart.
The curare-tipped dart hits you.
You are poisoned.
You have difficulty breathing.
* * * LOW HITPOINT WARNING * * *
You feel yourself slow down.
A kobold brigand comes into view.
It is wielding a +0 whip and quivering poisoned darts.
You feel sick.
You feel sick.
A kobold comes into view. It is wielding a +0 short sword. x2
A kobold comes into view.
It is wielding a +0 short sword and quivering poisoned darts.
You feel sick.
The kobold brigand throws a curare-tipped dart.
The curare-tipped dart hits you.
You are more poisoned.
You have difficulty breathing.
* * * LOW HITPOINT WARNING * * *
You feel as though you will be slow longer.
The kobold throws a stone.
The stone closely misses you.
* * * LOW HITPOINT WARNING * * *
You feel very sick.
A kobold comes into view. It is wielding a +0 short sword.
The kobold throws a stone.
The stone closely misses you.
The kobold throws a poisoned dart.
The poisoned dart hits you!
You are lethally poisoned!
The kobold brigand throws a curare-tipped dart.
The curare-tipped dart hits you.
You are more poisoned.
You have difficulty breathing.
You die...

##.....# ### #..... .#
#..K# #.# #...# .... ##
######K..# ..... .######
#.....K..##..... ......#
#...............
......###.......KKK.....
........).....K.@.:.....
........)...#####.......
.##.........# ##.....
.############ .... .#
### ##


You could see 2 kobold brigands and 5 kobolds.

Vanquished Creatures
  Sigmund (D:5)
  6 yaks
  An acid dragon (D:6)
  2 water moccasins
  A black bear (D:4)
  A sky beast (D:5)
  An ice beast (D:7)
  An ogre (D:6)
  A centaur (D:6)
  3 scorpions
  2 necrophages
  A jelly (D:5)
  9 iguanas
  Crazy Yiuf (D:3)
  Jessica (D:3)
  Terence (D:2)
  An orc wizard (D:3)
  7 adders
  A shadow imp (D:6)
  2 ufetubi
  4 worms
  2 dart slugs (D:3)
  8 orcs
  12 endoplasms
  10 goblins
  4 hobgoblins
  A quokka (D:2)
  8 ball pythons
  5 bats
  2 frilled lizards (D:1)
  9 kobolds
  7 rats
116 creatures vanquished.

Vanquished Creatures (others)
  3 fungi (D:3)
  3 plants (D:3)
6 creatures vanquished.

Grand Total: 122 creatures vanquished

Notes
Turn   | Place    | Note
-------+----------+-------------------------------------------
     0 | D:1      | dohliylev the Troll Warper began the quest for the Orb.
     0 | D:1      | Reached XP level 1. HP: 19/19 MP: 1/1
   461 | D:1      | Reached XP level 2. HP: 27/27 MP: 2/2
   773 | D:2      | Reached XP level 3. HP: 35/35 MP: 4/4
  1223 | D:2      | Noticed Terence
  1232 | D:2      | Killed Terence
  1403 | D:2      | Reached XP level 4. HP: 39/42 MP: 5/5
  1811 | D:3      | Reached skill level 3 in Unarmed Combat
  1852 | D:3      | Noticed Jessica
  1862 | D:3      | Killed Jessica
  1863 | D:3      | Reached XP level 5. HP: 47/49 MP: 6/6
  2032 | D:3      | Found a runed translucent door.
  2033 | D:3      | Noticed Crazy Yiuf
  2309 | D:3      | Found a shimmering altar of Xom.
  2380 | D:3      | Noticed a moth of wrath
  2383 | D:3      | Found a bloodstained altar of Trog.
  2439 | D:3      | Identified the +4 dagger of Eternal Night {vorpal, Dex+4}
  2456 | D:3      | Found a faded altar of an unknown god.
  2696 | D:3      | Killed Crazy Yiuf
  2772 | D:4      | Reached skill level 4 in Unarmed Combat
  2772 | D:4      | Reached XP level 6. HP: 42/57 MP: 7/7
  2986 | D:4      | Found a staircase to the Ecumenical Temple.
  3001 | Temple   | Entered the Ecumenical Temple
  3028 | Temple   | Became a worshipper of Warmaster Okawaru
  3059 | D:4      | You fall into a shaft and drop 3 floors!
  3146 | D:7      | Reached skill level 5 in Unarmed Combat
  3238 | D:7      | Reached XP level 7. HP: 64/65 MP: 8/8
  3288 | D:7      | Noticed a yak
  3372 | D:6      | Noticed a yak
  3372 | D:6      | Noticed a yak
  3385 | D:6      | Killed a yak
  3385 | D:6      | Reached * piety under Okawaru
  3386 | D:6      | Reached skill level 6 in Unarmed Combat
  3392 | D:6      | Killed a yak
  3393 | D:6      | Reached skill level 5 in Dodging
  3448 | D:6      | Noticed a yak
  3453 | D:5      | Entered Level 5 of the Dungeon
  3479 | D:5      | Reached XP level 8. HP: 51/74 MP: 9/9
  3638 | D:5      | Reached skill level 7 in Unarmed Combat
  3875 | D:5      | Noticed Sigmund
  3883 | D:5      | Killed Sigmund
  4064 | D:5      | Found an ornate altar of the Wu Jian Council.
  4296 | D:6      | Reached skill level 8 in Unarmed Combat
  4361 | D:6      | Found a hide-covered altar of Uskayaw.
  4464 | D:6      | Reached ** piety under Okawaru
  4492 | D:6      | Found a radiant altar of Vehumet.
  4564 | D:6      | Reached XP level 9. HP: 42/79 MP: 10/10
  4719 | D:6      | Found an opulent altar of Gozag.
  4750 | D:6      | Found a white marble altar of Elyvilon.
  4880 | D:7      | Reached skill level 9 in Unarmed Combat
  5030 | D:7      | Asphyxiated

Illustrated notes

Levels and vault maps discovered:
D:1:      ebering_hopf_link, layout_basic
D:2:      minmay_spotlight, layout_loops_ring, minmay_increasing_density,
          uniq_terence
D:3:      layout_loops_cross, tgw_trog, mainiacjoe_overflow_tiny_flanked,
          dreamdust_ecumenical_altar_hidden_monk_grotto,
          mrwooster_statue_mirror, uniq_jessica, uniq_crazy_yiuf_cottage
D:4:      layout_gridville, minmay_temple_entry_ruins,
          cheibrodos_sewer_entry_bend
D:5:      layout_loops_corners, lemuel_tele_altar, uniq_sigmund
D:6:      layout_rooms, mainiacjoe_overflow_two_lobes, lemuel_doored_altar,
          nicolae_overflow_crystal_walls, dreamdust_mushroom_princess
D:7:      corexii_shantytown, layout_basic
Temple:   cyrus_circular_temple

Skill      XL: |  1  2  3  4  5  6  7  8  9 |
---------------+----------------------------+-----
Dodging        | 2 3 4 5 6 |  6.8
Unarmed Combat | 3 4 5 6 8 9 |  9.5
Fighting       | 2 |  2.9
Throwing       | |  0.9
Spellcasting   | |  1.3
Translocations | |  2.8

Action                   |  1- 3 |  4- 6 |  7- 9 || total
-------------------------+-------+-------+-------++-------
Melee: Unarmed           |    79 |   195 |   167 ||   441
       Punch             |       |     2 |     7 ||     9
Armor: Robe              |    29 |    96 |    42 ||   167
Dodge: Dodged            |    38 |   113 |    82 ||   233

Table legend: (Time is in decaauts)
 A = Elapsed time spent in this place.
 B = Non-inter-level travel time spent in this place.
 C = Inter-level travel time spent in this place.
 D = Time resting spent in this place.
 E = Time spent auto-exploring this place.
 F = Levels seen in this place.
 G = Mean time per level.
                   A        B        C        D        E       F      G
               +--------+--------+--------+--------+--------+-----+--------+
         Total |   4991 |   4812 |    179 |    264 |   2575 |   8 |  623.9 |
       Dungeon |   4940 |   4761 |    179 |    264 |   2575 |   7 |  705.7 |
        Temple |     50 |     50 |      0 |      0 |      0 |   1 |   50.0 |
               +--------+--------+--------+--------+--------+-----+--------+

Top non-repeatable levels by time:
     D:3: 1079 daAuts
     D:2: 964 daAuts
     D:5: 777 daAuts
     D:6: 726 daAuts
     D:1: 704 daAuts
     D:7: 444 daAuts
     D:4: 243 daAuts
  Temple: 50 daAuts
